Map: Dusk Towers

Players

Hankock

  • Race: Protoss Protoss
  • League: Platinum

Fiend - Winner!

  • Race: Terran Terran
  • League: Platinum

VOD

Have the link to the VOD?

Description

Time

  • Played on: March 27, 2016, 4:30 p.m.
  • Length: 14:36
Show
View Real Time Build Order
Export as new Build Order

Hankock Protoss 

Build Orders: 1 Gate Expand 

Get SALT Encoding   

  12  0:01  Probe (Chrono Boost)  
  13  0:11  Probe (Chrono Boost)  
  14  0:18  Pylon  
  14  0:22  Probe (Chrono Boost)  
  15  0:36  Probe (Chrono Boost)  
  15  0:37  Gateway  
  16  0:43  Assimilator  
  16  0:50  Probe (Chrono Boost)  
  17  1:01  Probe (Chrono Boost)  
  18  1:11  Probe (Chrono Boost)  
  19  1:22  Probe (Chrono Boost)  
  20  1:26  Cybernetics Core  
  20  1:32  Probe (Chrono Boost)  
  21  1:37  Nexus  
  21  1:45  Pylon  
  21  1:48  Probe (Chrono Boost)  
  22  1:59  Assimilator  
  22  2:00  Probe (Chrono Boost)  
  23  2:10  Adept (Chrono Boost)  
  23  2:11  Probe (Chrono Boost)  
  26  2:30  Mothership Core (Chrono Boost)  
  26  2:36  Gateway  
  27  3:06  Adept (Chrono Boost)  
  27  3:07  Probe x2  
  27  3:12  Warp Gate (Chrono Boost)  
  31  3:19  Probe, Gateway  
  32  3:20  Probe  
  32  3:22  Pylon  
  33  3:30  Probe  
  33  3:31  Probe, Adept  
  37  3:35  Twilight Council  
  37  3:41  Probe  
  37  3:43  Probe  
  39  3:51  Probe  
  41  3:55  Probe  
  41  3:57  Robotics Facility  
  41  4:02  Probe  
  41  4:07  Probe  
  43  4:12  Probe  
  43  4:13  Resonating Glaives (Chrono Boost)  
  43  4:15  Assimilator  
  44  4:18  Forge  
  44  4:19  Probe  
  44  4:23  Probe  
  44  4:24  Sentry x2  
  50  4:32  Probe  
  51  4:39  Probe  
  51  4:44  Probe, Observer (Chrono Boost)  
  54  4:52  Gateway  
  54  4:53  Gateway  
  54  4:54  Assimilator  
  54  5:04  Pylon  
  54  5:05  Pylon  
  54  5:07  Nexus  
  54  5:19  Pylon  
  54  5:20  Probe  
  54  5:22  Probe, Pylon  
  56  5:31  Probe  
  56  5:34  Probe  
  58  5:51  Probe  
  58  5:53  Probe  
  58  5:54  Observer (Chrono Boost)  
  59  5:57  Blink  
  59  5:58  Adept x3  
  59  6:03  Probe  
  64  6:05  Probe  
  66  6:14  Probe  
  66  6:17  Probe, Immortal (Chrono Boost)  
  72  6:22  Photon Cannon  
  72  6:26  Stalker x5  
  72  6:27  Photon Cannon  
  82  6:39  Probe x2  
  82  6:41  Probe  
  82  6:43  Assimilator  
  85  6:48  Assimilator  
  85  6:50  Phoenix, Probe x2  
  85  6:52  Protoss Ground Weapons Level 1 (Chrono Boost)  
  85  6:53  Probe  
  88  6:57  Immortal  
  88  7:00  Probe x2  
  92  7:02  Robotics Bay  
  92  7:04  Stalker x3  
  92  7:07  Probe  
  101  7:35  Pylon  
  101  7:37  Pylon  
  101  7:38  Pylon  
  101  7:46  Nexus  
  101  7:49  Gateway, Pylon  
  101  7:50  Gateway  
  101  7:51  Probe x2, Pylon  
  101  7:53  Probe  
  101  7:55  Gateway  
  101  7:56  Adept x4  
  101  7:57  Gateway  
  112  8:01  Forge  
  112  8:10  Disruptor (Chrono Boost)  
  115  8:33  Adept x4  
  122  8:35  Stalker  
  103  8:59  Pylon  
  103  9:00  Stalker x5  
  99  9:26  Stalker x2  
  99  9:27  Stalker x7  
  120  9:43  Disruptor (Chrono Boost)  
  112  10:06  Probe x2  
  112  10:07  Probe  
  112  10:12  Protoss Ground Weapons Level 2 (Chrono Boost)  
  118  10:14  Robotics Facility  
  118  10:15  Protoss Ground Armor Level 1  
  118  10:18  Disruptor (Chrono Boost)  
  117  10:24  Stalker x8  
  117  10:25  Stalker  
  131  10:51  Probe  
  131  10:53  Probe  
  131  10:56  Pylon  
  133  10:58  Pylon  
  133  11:01  Pylon  
  133  11:03  Stargate  
  133  11:04  Assimilator  
  133  11:06  Stalker x3, Stargate  
  133  11:07  Stalker x4  
  133  11:10  Assimilator  
  147  11:16  Disruptor x2 (Chrono Boost)  
  153  11:19  Extended Thermal Lance (Chrono Boost)  
  153  11:50  Charge  
  153  11:52  Fleet Beacon, Observer x2  
  153  11:53  Oracle x2  
  161  12:03  Zealot x5  
  171  12:11  Pylon  
  171  12:12  Pylon  
  171  12:16  Pylon  
  171  12:17  Pylon  
  171  12:19  Protoss Ground Armor Level 2 (Chrono Boost)  
  171  12:27  Nexus  
  171  12:30  Pylon  
  171  12:32  Pylon  
  171  12:33  Pylon  
  171  12:38  Tempest x2  
  171  12:43  Stargate  
  179  12:48  Zealot x5, Pylon  
  169  13:44  Stalker x2  
  169  13:45  Stalker x7  
  169  13:46  Tempest  
  169  13:47  Tempest x2  
  133  14:14  Probe  
  115  14:23  Adept x9  
Show
View Real Time Build Order
Export as new Build Order

Fiend Terran - Winner!

Build Orders: Reaper Expand 

Get SALT Encoding   

  12  0:00  SCV  
  13  0:12  SCV  
  14  0:17  Supply Depot  
  14  0:25  SCV  
  15  0:30  Refinery  
  15  0:39  SCV  
  16  0:45  Barracks  
  16  0:51  SCV  
  17  1:03  SCV  
  18  1:15  SCV  
  19  1:32  Orbital Command  
  19  1:34  Reaper  
  20  1:45  Command Center  
  20  1:57  Factory  
  20  2:09  Refinery, Supply Depot  
  20  2:19  SCV  
  20  2:22  Barracks Reactor  
  21  2:31  SCV  
  23  2:44  SCV  
  23  2:53  Factory Tech Lab  
  23  3:05  Marine x2, Orbital Command  
  23  3:07  SCV  
  23  3:10  Starport  
  26  3:17  Cyclone  
  26  3:19  SCV  
  30  3:22  Supply Depot  
  30  3:23  Marine x2  
  32  3:37  Engineering Bay  
  32  3:41  Marine  
  32  3:42  SCV, Barracks  
  32  3:45  SCV  
  35  3:51  Medivac  
  37  3:56  Marine  
  37  3:59  Marine  
  39  4:04  SCV x2  
  39  4:08  Siege Tank  
  44  4:12  Supply Depot  
  44  4:16  SCV  
  45  4:17  Marine x2  
  47  4:35  Marine x2  
  49  4:40  Siege Tank  
  49  4:44  Barracks Tech Lab  
  51  4:46  Starport Reactor  
  51  4:50  Missile Turret  
  51  4:53  Marine x2, Missile Turret  
  51  4:54  Barracks  
  51  4:55  SCV  
  51  4:58  SCV  
  55  5:06  Stimpack  
  55  5:07  Marine  
  55  5:10  Marine, SCV  
  55  5:13  Marine  
  59  5:18  SCV  
  60  5:22  SCV  
  60  5:27  Supply Depot  
  61  5:30  SCV  
  61  5:31  Supply Depot  
  61  5:32  Liberator  
  61  5:49  Marine  
  63  5:50  Marine  
  63  5:53  Siege Tank  
  68  6:00  Marine  
  68  6:01  Barracks Reactor  
  68  6:02  SCV  
  70  6:12  Supply Depot  
  70  6:14  Supply Depot  
  70  6:16  Command Center  
  70  6:17  Barracks  
  70  6:19  Barracks  
  70  6:28  Marine  
  70  6:30  SCV, Marine  
  70  6:31  Marine  
  69  6:39  Liberator  
  67  6:40  Marine  
  67  6:41  Marine  
  67  6:42  Terran Infantry Weapons Level 1  
  67  6:46  SCV, Marine  
  67  6:47  SCV  
  72  6:48  Engineering Bay  
  72  6:55  Medivac  
  77  7:01  Refinery x2  
  77  7:04  SCV  
  77  7:06  SCV, Missile Turret  
  79  7:13  Supply Depot  
  79  7:15  Barracks Reactor  
  79  7:16  SCV, Barracks Reactor  
  80  7:28  SCV x2  
  82  7:34  Orbital Command  
  82  7:38  Marine  
  82  7:39  Marine x4  
  82  7:40  SCV x2  
  89  7:44  Terran Infantry Armor Level 1  
  89  7:49  Armory  
  89  7:52  SCV  
  89  7:56  SCV, Marine  
  89  7:57  Liberator  
  89  7:58  Marine x4  
  93  7:59  Marine  
  93  8:00  Marine  
  93  8:02  SCV  
  93  8:04  SCV  
  100  8:07  Marine  
  100  8:08  SCV  
  100  8:09  Widow Mine  
  104  8:14  SCV  
  104  8:16  SCV  
  109  8:20  Supply Depot  
  109  8:22  Supply Depot  
  93  8:53  Marine x8  
  93  8:54  Marine  
  93  9:08  Siege Tank  
  96  9:10  Marine  
  96  9:11  Marine x4  
  96  9:15  Liberator x2  
  101  9:23  Marine x3  
  101  9:28  Marine  
  101  9:30  Marine  
  101  9:31  Marine x2  
  105  9:35  SCV  
  105  9:37  Command Center  
  112  9:40  Siege Tank  
  112  9:41  Barracks  
  112  9:42  Barracks  
  112  9:45  Barracks  
  115  9:47  Marine x2  
  115  9:48  Terran Infantry Armor Level 2, Marine x4, Terran Infantry Weapons Level 2  
  114  9:58  Liberator, Marine x3  
  101  10:05  Marine x2  
  101  10:08  Marine x2  
  101  10:09  Marine x2  
  101  10:12  Siege Tank  
  108  10:15  Medivac, Refinery  
  108  10:17  Marine x2  
  115  10:21  Marine  
  115  10:23  Supply Depot  
  115  10:27  Marine x4, Supply Depot  
  120  10:32  Marine  
  120  10:33  SCV x3  
  121  10:41  Marine x3  
  122  10:43  Widow Mine  
  122  10:44  Barracks Reactor x2  
  122  10:45  Marine x2, Barracks Reactor  
  124  10:59  Marine  
  124  11:00  Marine x2  
  124  11:03  Command Center  
  127  11:11  Marine x2  
  127  11:12  Marine x3  
  132  11:19  Ghost Academy  
  132  11:21  Marine x4, Barracks, Command Center  
  132  11:22  SCV  
  132  11:23  SCV  
  138  11:25  Thor  
  138  11:27  Combat Shields  
  138  11:28  Marine x4  
  148  11:36  Planetary Fortress  
  148  11:39  Marine x3  
  151  11:46  SCV x2  
  151  11:47  Marine x3, SCV  
  154  11:52  Refinery  
  157  11:56  Marine  
  157  11:57  Marine x6  
  164  12:16  Supply Depot  
  164  12:19  Barracks Tech Lab  
  164  12:20  Supply Depot  
  164  12:23  Supply Depot  
  164  12:31  Missile Turret  
  164  12:32  Ghost  
  164  12:33  SCV x2, Marine x7  
  175  12:40  Planetary Fortress  
  175  12:42  Missile Turret  
  175  12:45  Sensor Tower  
  175  12:46  SCV x4  
  179  12:52  Marine x5  
  179  12:53  Marine x5  
  179  12:58  SCV x2, Marine x3  
  194  13:29  Marine x4  
  194  13:30  Marine x2  
  183  13:58  Marine x5  
  183  13:59  Medivac x2  
Tags
 
Add a new tag
Caveats
  • Supply blocks, unpowered buildings, or Contaminate may cause inaccurate times.
  • Supply counts are checked every 10 seconds.